[Event "26th Womens ECCC 2022"]
[Site "Mayrhofen"]
[Date "2022.10.03"]
[Round "1.1"]
[White "Muzychuk, Mariya"]
[Black "Muzychuk, Anna"]
[Result "1/2-1/2"]
[ECO "D44"]
[WhiteElo "2527"]
[BlackElo "2534"]
[Annotator "TA"]
[PlyCount "43"]
[EventDate "2022.10.03"]
[EventType "team-tourn"]
[EventCountry "AUT"]
[SourceTitle "playchess.com"]
[Source "ChessBase"]
[SourceQuality "1"]
[TimeControl "40/5400+30:1800+30"]

1. d4 d5 2. c4 c6 3. Nf3 Nf6 4. Nc3 e6 5. Bg5 dxc4 6. e4 b5 7. e5 h6 8. Bh4 g5 9. Nxg5 hxg5 10. Bxg5 Nbd7 11. exf6 Bb7 12. h4 Nxf6 {[%emt 0:00:50] The position is equal. D44: Semi-Slav: Botvinnik System.} 13. Qf3 Be7 14. O-O-O Nd5 {[%emt 0:01:32] [#]} 15. Ne4 $146 ({Predecessor:} 15. Bxe7 Qxe7 16. Ne4 O-O-O 17. g3 Nb4 {½-½ (17) Ralls,R (2503)-Noble,M (2456) LSS email 2011}) 15... Bxg5+ 16. Nxg5 {[%emt 0:00:12][%csl Gg5][%cal Rf3f7] [#]} Qf6 17. Rh3 a5 18. Qe4 Nf4 19. Qf3 Nd5 20. Qe4 Nf4 21. Qf3 Nd5 22. Qe4 {[%emt 0:00:31] A balanced but interesting game.  Weighted Error Value: White=0.05 (flawless) /Black=0.02 (flawless)} 1/2-1/2

[Event "26th Womens ECCC 2022"]
[Site "Mayrhofen"]
[Date "2022.10.03"]
[Round "1.2"]
[White "Stefanova, Antoaneta"]
[Black "Unuk, Laura"]
[Result "1/2-1/2"]
[ECO "D00"]
[WhiteElo "2440"]
[BlackElo "2297"]
[Annotator "TA"]
[PlyCount "40"]
[EventDate "2022.10.03"]
[EventType "team-tourn"]
[EventCountry "AUT"]
[SourceTitle "playchess.com"]
[Source "ChessBase"]
[SourceQuality "1"]
[TimeControl "40/5400+30:1800+30"]

1. d4 d5 2. Bf4 Nf6 3. Nc3 a6 4. e3 e6 5. g4 Bb4 6. Nge2 {[%emt 0:08:05] D00: 1 d4 d5: Unusual lines.} Ne4 7. Bg2 {[%emt 0:04:12] [#]} Bd7 $146 (7... Nxc3 $11 8. Nxc3 (8. bxc3 Be7 $11) 8... O-O) ({Predecessor:} 7... Nxc3 8. Nxc3 Bd6 9. Qf3 b5 10. e4 b4 11. Ne2 Bb7 12. e5 Be7 13. h4 a5 {1-0 (44) Luukkonen,T (2285)-Sipila,V (2410) Helsinki 2022}) 8. Bxe4 $16 {[%emt 0:11:57] White is better.} dxe4 9. d5 O-O $1 10. Qd4 c5 11. dxc6 ({White should try} 11. Qxe4 $14 exd5 12. Qxd5) 11... Nxc6 $15 12. Qxe4 e5 13. Bg3 Be6 {[%emt 0:01:28] [#] aiming for ...Bd5.} 14. O-O Qc8 15. f3 f5 $1 16. gxf5 Bxf5 17. Qc4+ Be6 {[%emt 0:06:25][%mdl 1024] Black has compensation.} (17... Kh8 $5 ) 18. Qe4 Bf5 {[%emt 0:01:42] This bishop pair is nice.} 19. Qc4+ Be6 20. Qe4 Bf5 {Weighted Error Value: White=0.13 (very precise) /Black=0.22 (precise)} 1/2-1/2

[Event "26th Womens ECCC 2022"]
[Site "Mayrhofen"]
[Date "2022.10.03"]
[Round "1.3"]
[White "Urh, Zala"]
[Black "Cramling, Pia"]
[Result "1/2-1/2"]
[ECO "E15"]
[WhiteElo "2221"]
[BlackElo "2459"]
[Annotator "TA"]
[PlyCount "180"]
[EventDate "2022.10.03"]
[EventType "team-tourn"]
[EventCountry "AUT"]
[SourceTitle "playchess.com"]
[Source "ChessBase"]
[SourceQuality "1"]
[TimeControl "40/5400+30:1800+30"]

1. d4 Nf6 2. c4 e6 3. Nf3 b6 4. g3 Ba6 5. b3 Bb4+ 6. Bd2 Be7 7. Nc3 d5 8. cxd5 exd5 9. Bg2 Bb7 10. O-O O-O 11. a3 {[%emt 0:16:51] E15: Queen's Indian: 4 g3 sidelines, 4 g3 Ba6 and 4 g3 Bb7 early deviations.} a5 12. Qc2 h6 {[%emt 0:01:47] [#]} 13. Rfc1 $146 {[%emt 0:06:06] White has an edge.} ({Predecessor:} 13. Ne5 Na6 14. Rfd1 Qc8 15. Qb2 Rd8 16. Rac1 Qe6 17. Nd3 Rab8 18. Bf4 g5 19. Be5 {½-½ (101) Gyimesi,Z (2539)-Lau,R (2495) Fuerth 2000}) 13... Na6 14. Nd1 c5 15. dxc5 bxc5 16. Ne3 Re8 17. Rd1 Qc7 18. Rac1 Qb6 19. Ne5 Rac8 20. Nd3 Bd6 21. Nf5 Bf8 $1 22. Nf4 Nc7 23. Bc3 Ne4 24. Ba1 (24. Ne3 $11) 24... d4 $1 $17 25. b4 Nb5 (25... axb4 $17 {Threatens to win with ...Nb5.} 26. axb4 Nb5) 26. bxc5 $2 (26. bxa5 $15 Qxa5 27. e3) 26... Bxc5 (26... Rxc5 $142 27. Qb1 Rxf5 28. Bxd4 Qa6) 27. Qd3 Nbc3 {[%emt 0:01:23][%cal Oe4f2] Against Rb1. Hoping for ...Nxf2!} 28. Bxc3 (28. Nxd4 $142 Ba6 29. Rxc3 Bxd3 30. Rcxd3) 28... Nxc3 $2 (28... dxc3 $19 29. e3 Qf6) 29. Bxb7 Qxb7 30. Re1 Qe4 $1 31. Ra1 (31. Qxe4 $17 Rxe4 32. Kf1) 31... a4 (31... g6 $1 $19 32. Qxe4 Rxe4) 32. Qxe4 Rxe4 ({And not} 32... Nxe4 33. Nd3 $15) 33. Kf1 (33. e3 $17 {might work better.}) 33... Rb8 $2 (33... g6 $1 $19 34. Nxh6+ Kg7) 34. Nd3 $15 Ba7 $36 {[%emt 0:00:49][%mdl 2048] Black has some pressure.} 35. e3 (35. Nh4 $11 {keeps the balance.}) 35... dxe3 $17 36. Nxe3 Bxe3 37. Rxe3 Rxe3 38. fxe3 {[%emt 0:00:01][%mdl 4096] Endgame KRN-KRN} Rd8 39. Nb2 (39. Ne5 $17) 39... Rd2 $19 40. Rc1 Nd5 ({Inferior is} 40... Rxh2 41. Rxc3 Rxb2 42. Rc4 $15) (40... Rxb2 $19 41. Rxc3 Rb3 42. Rc8+ Kh7) 41. Nxa4 $17 Nxe3+ 42. Kg1 Rg2+ 43. Kh1 Ra2 44. Nc5 Rxa3 45. Re1 g5 46. Kg1 Kg7 47. Re2 Nf5 48. Kf2 Nd4 49. Rb2 h5 50. h3 (50. Rd2 $17) 50... h4 $19 51. Ne4 (51. gxh4 {only move.} Rxh3 52. Rb7 Rxh4 53. Nd3) 51... hxg3+ $2 (51... Rf3+ $19 {has better winning chances.} 52. Kg1 f5 53. Rb7+ Kf8) 52. Nxg3 $17 Kg6 53. Rb4 Ra2+ 54. Kf1 Nf3 55. Ne2 Nh4 56. Rb3 Nf5 57. Rc3 f6 58. Rd3 Ng7 59. Rb3 Nh5 (59... Ra6 $17 60. Nd4 Ra4) 60. Rf3 (60. Rb4 $1 $15) 60... f5 61. Rb3 Ra6 62. Kf2 Nf6 63. Kf3 Ne4 64. Rd3 {[%emt 0:00:19] Inhibits Nd2+.} Ra1 {[%emt 0:01:03] White must now prevent ...Rf1+.} 65. Ng3 {[%emt 0:01:12] Against Rf1+} Re1 66. Ra3 Nd2+ 67. Kf2 Re6 68. Ra5 f4 (68... Ne4+ $1 $17 69. Nxe4 Rxe4) 69. Ne2 $2 ({White should try} 69. h4 $1 $15) 69... Re3 $19 70. Ng1 (70. Ra4 $142 Ne4+ 71. Kf1) 70... Ne4+ 71. Kg2 Rg3+ 72. Kf1 {[%emt 0:00:13] [#]} Rb3 $2 (72... f3 $1 $19 {( -> ...Nd2+)} 73. Nxf3 Rxf3+ 74. Kg2 Rf2+ 75. Kg1 Rd2) 73. Ra6+ (73. Kg2 $17 {was called for.}) 73... Kh5 {[%emt 0:00:14] Strongly threatening ...f3.} 74. Ra8 $2 (74. Re6 $17) 74... Rb2 $2 (74... f3 $19 {[%cal Rb3b1] and Black stays clearly on top.} 75. Rh8+ Kg6 76. Nxf3 Rxf3+ 77. Kg2 Rg3+ 78. Kh2 Rd3 79. Rg8+ Kf7) 75. Rh8+ Kg6 {[%emt 0:00:02][%cal Of4f3] ...f3! is the strong threat.} 76. Re8 Ng3+ 77. Ke1 Nh5 (77... Rb3 $17 {aiming for ...f3.} 78. Kf2 Rb2+ 79. Ke1 Kf7) 78. Nf3 $15 Rb5 79. Rg8+ {[%emt 0:00:42] [#]} Kf6 ({Black should play} 79... Ng7 $1 $17 80. Ke2 Rd5) 80. h4 $1 $11 {[%emt 0:00:33] The position is equal.} Rb1+ 81. Kf2 Rb2+ 82. Kg1 gxh4 83. Nxh4 Ng3 84. Nf3 Ke6 85. Rf8 Kd5 86. Re8 Ra2 87. Re7 Kc4 88. Ng5 Rd2 89. Rc7+ Kb4 90. Rf7 Kb3 {[%emt 0:00:31] White happily takes the draw.  Weighted Error Value: White=0.43/Black=0.34} 1/2-1/2

[Event "26th Womens ECCC 2022"]
[Site "Mayrhofen"]
[Date "2022.10.03"]
[Round "1.4"]
[White "Paehtz, Elisabeth"]
[Black "Vidic, Teja"]
[Result "1-0"]
[ECO "B15"]
[WhiteElo "2469"]
[BlackElo "2126"]
[Annotator "TA"]
[PlyCount "61"]
[EventDate "2022.10.03"]
[EventType "team-tourn"]
[EventCountry "AUT"]
[SourceTitle "playchess.com"]
[Source "ChessBase"]
[SourceQuality "1"]
[TimeControl "40/5400+30:1800+30"]

1. e4 c6 2. d4 d5 3. Nc3 dxe4 4. Nxe4 Nf6 5. Nxf6+ exf6 6. c3 Bd6 7. Bd3 O-O 8. Qc2 {[%emt 0:00:02] Active counter play!} Re8+ {[%emt 0:00:06] B15: Caro-Kann: 3 Nc3: 3...g6 and 3...dxe4 4 Nxe4 Nf6 5 Nxf6+ exf6.} 9. Ne2 h5 10. O-O Qc7 {[%emt 0:04:01] White is slightly better.} 11. h3 h4 12. Bd2 (12. c4 {feels hotter.} Qd7 13. Re1 Na6 14. a3) 12... Nd7 13. Rae1 Nf8 14. Kh1 Bd7 15. c4 Rad8 {[%emt 0:09:58] [#]} (15... Qc8 $14) 16. f4 $146 {[%emt 0:06:43] c5 is the strong threat.} ({Predecessor:} 16. c5 Be7 17. f4 f5 18. Bxf5 Bxf5 19. Qxf5 Bf6 20. Qg4 Re4 21. Qf3 Rde8 22. Nc3 Rxe1 23. Rxe1 Rxe1+ 24. Bxe1 Bxd4 25. Bxh4 Bxc5 {½-½ (32) Christiansen,J (2525)-Dragnev,V (2508) Batumi 2018}) 16... Qc8 17. f5 Re7 (17... Bb8 $14) 18. Nc3 {[%emt 0:01:50] Black must now prevent Ne4.} Rde8 (18... Rxe1 $16 19. Bxe1 (19. Rxe1 Bb8 $14) 19... Bb8) 19. Ne4 (19. Rxe7 $18 {has better winning chances.} Rxe7 20. Qd1) 19... Qb8 {[%emt 0:03:59] This costs Black the game.} (19... Bb8 $16 {was called for.}) 20. Qd1 $18 c5 21. Qg4 {[%emt 0:03:24] [#] Nxf6+ would kill now.} ({Don't play} 21. Nxc5 $6 Bxc5 22. dxc5 Rxe1 23. Rxe1 Bc6 $16) (21. dxc5 Be5 22. b4 Qc7) 21... Nh7 (21... Ng6 22. Qf3 (22. Nxc5 Bxc5 23. Rxe7 Rxe7 $11) (22. dxc5 Be5 $18) 22... Nf8) 22. Bh6 g6 23. Qxh4 Bg3 (23... Rxe4 $18 24. Rxe4 g5) 24. Nxf6+ {[%emt 0:01:03] White mates.} Kh8 {[%emt 0:00:04] [#]} 25. Bg7+ $1 Kxg7 26. Qxh7+ Kxf6 27. fxg6+ Kg5 28. Rxe7 {[%emt 0:03:17][%mdl 64] Remove Defender} Rxe7 29. gxf7 Re1 30. Qg6+ Kh4 31. Qh6# {Weighted Error Value: White=0.08 (flawless) /Black=0.58} 1-0

[Event "26th Womens ECCC 2022"]
[Site "Mayrhofen"]
[Date "2022.10.03"]
[Round "1.5"]
[White "Saduakassova, Dinara"]
[Black "Eric, Jovana"]
[Result "1-0"]
[ECO "D10"]
[WhiteElo "2434"]
[BlackElo "2252"]
[Annotator "TA"]
[PlyCount "117"]
[EventDate "2022.10.03"]
[EventType "team-tourn"]
[EventCountry "AUT"]
[SourceTitle "playchess.com"]
[Source "ChessBase"]
[SourceQuality "1"]
[TimeControl "40/5400+30:1800+30"]

1. c4 c6 2. d4 d5 3. cxd5 cxd5 4. Bf4 Nc6 5. e3 Nf6 6. Nc3 e6 7. Nf3 Be7 8. h3 O-O 9. Bd3 Qb6 10. a3 {[%emt 0:06:24] D13: Slav Defence: Exchange variation without ...Bf5.} Bd7 (10... Qxb2 $2 11. Na4 Qxa3 12. Rxa3 Bxa3 13. Ne5 $18) 11. Na4 Qd8 12. Nc5 {[%emt 0:03:55] [#] Inhibits Ne4.} (12. O-O $14) 12... Be8 $146 (12... Bxc5 $11 {keeps the balance.} 13. dxc5 Re8) ({Predecessor:} 12... Qb6 13. b4 Rfc8 14. O-O Be8 15. Qb3 a5 16. Na4 Qd8 17. b5 Na7 18. b6 Bxa4 19. Qxa4 Qxb6 {1-0 (61) Calvo Sanchez,J (2245)-Kirov,N (2470) Cannes 1992}) 13. O-O b6 14. Na6 {[%emt 0:01:43][%cal Bc5a6,Ba6c7,Bc7b5][%mdl 32] Strongly threatening Nc7.} Bd6 {[%emt 0:02:05] Prevents Nc7.} 15. Rc1 Bxf4 16. exf4 Qd6 17. Ne5 Rd8 18. Bb5 {[%emt 0:01:49][%cal Rb5c6] White now steadily converts the win.} Ne7 19. Nc7 Ng6 (19... Bd7 $16 {is a better defense.}) 20. Bxe8 Nxe8 21. Nb5 {[%emt 0:00:13][%csl LRa7,LRd6] White has more active pieces.} Qe7 22. Nc6 Qd7 23. f5 (23. Nbxa7 $6 Ra8 $11) 23... exf5 24. Nxd8 {[%emt 0:00:18] Hoping for Nc6.} Qxb5 25. Nc6 Qxb2 26. Qf3 ({Much less strong is} 26. Nxa7 Qxa3 27. Nb5 Qe7 $16) 26... Nf6 27. Nxa7 Qxd4 28. Qxf5 Qa4 29. Nc8 Qxa3 30. Nxb6 Qd6 {[%emt 0:00:45] [#]} 31. Nc8 Qb8 32. Rfe1 d4 (32... Qb7 $16 {was necessary.}) 33. Ne7+ $18 Nxe7 34. Rxe7 Qd6 35. Qc5 Qxc5 36. Rxc5 {[%emt 0:00:05][%mdl 4096] Endgame KRR-KRN} Rd8 37. Rec7 d3 {[%emt 0:04:55] And now ...d2 would win.} 38. Rc8 Rf8 {[%emt 0:00:04] [#]} 39. Rxf8+ $1 Kxf8 {[%emt 0:00:03] KR-KN} 40. Rc3 d2 41. Rd3 Ne4 42. h4 h5 (42... g6 {was called for.} 43. f3 Ng3 44. Rxd2 h5) 43. g3 ({Don't play} 43. f3 Ng3 44. Rxd2 g6 $18) 43... Ke7 44. Kg2 Ke6 45. f3 Nd6 46. Rxd2 Nf5 47. Ra2 g6 48. Ra5 Kf6 49. Ra6+ Kg7 50. Kf2 f6 $2 (50... Kf8 51. Ra5 Kg7) 51. Ra7+ Kg8 52. Kg2 Kf8 53. Kh3 {[%emt 0:00:00] Threatens to win with g4.} Kg8 $2 (53... Nd4 54. Ra4 Nxf3) 54. g4 {[%emt 0:00:00] White is clearly winning.} Ng7 55. Kg3 f5 56. g5 {[%emt 0:00:00] White threatens Kf4 and mate.} Ne6 57. Re7 f4+ 58. Kf2 Nc5 59. Ke2 {[%emt 0:00:00] Weighted Error Value: White=0.10 (very precise) /Black=0.25 (precise)} 1-0

[Event "26th Womens ECCC 2022"]
[Site "Mayrhofen"]
[Date "2022.10.03"]
[Round "1.6"]
[White "Blagojevic, Tijana"]
[Black "Atalik, Ekaterina"]
[Result "1/2-1/2"]
[ECO "C47"]
[WhiteElo "2266"]
[BlackElo "2406"]
[Annotator "TA"]
[PlyCount "64"]
[EventDate "2022.10.03"]
[EventType "team-tourn"]
[EventCountry "AUT"]
[SourceTitle "playchess.com"]
[Source "ChessBase"]
[SourceQuality "1"]
[TimeControl "40/5400+30:1800+30"]

1. e4 e5 2. Nf3 Nc6 3. Nc3 Nf6 4. d4 exd4 5. Nxd4 Bb4 6. Nxc6 bxc6 7. Bd3 d5 8. exd5 cxd5 9. O-O O-O 10. Qf3 c6 11. Bg5 Bd6 {[%emt 0:01:07] 11...h6 is the modern continuation.} 12. Rae1 Rb8 13. Nd1 h6 {[%emt 0:02:22] C47: Scotch Four Knights and Four Knights with 4 g3.} 14. Bxf6 Qxf6 15. Qxf6 gxf6 16. b3 f5 17. Ne3 f4 18. Nf5 Bxf5 19. Bxf5 Kg7 20. g3 Kf6 21. Bd7 Rb6 {[%emt 0:03:58] [#]} 22. Re8 $146 ({Predecessor:} 22. Kg2 Rd8 23. Bg4 Rg8 24. Be2 Bb4 25. Rd1 Re8 26. Bd3 Bc3 27. Kf3 Rb4 28. gxf4 {½-½ (60) Thakur,A (2300)-Iuldachev,S (2501) Mumbai 2008}) 22... Rxe8 23. Bxe8 $11 {[%emt 0:00:05][%mdl 4096] Endgame KRB-KRB} Bb4 {[%emt 0:05:00] [#] Strongly threatening ...Ke7.} 24. Bd7 Ke5 25. Rd1 fxg3 26. fxg3 c5 27. Be8 f5 28. Bf7 d4 29. Rf1 Bd2 30. Kg2 Rf6 31. Bc4 f4 32. Bd3 fxg3 {[%emt 0:05:51] Weighted Error Value: White=0.07 (flawless) /Black=0.07 (flawless)} 1/2-1/2

[Event "26th Womens ECCC 2022"]
[Site "Mayrhofen"]
[Date "2022.10.03"]
[Round "1.7"]
[White "Efroimski, Marsel"]
[Black "Gajcin, Marina"]
[Result "1-0"]
[ECO "B40"]
[WhiteElo "2462"]
[BlackElo "2228"]
[Annotator "TA"]
[PlyCount "141"]
[EventDate "2022.10.03"]
[EventType "team-tourn"]
[EventCountry "AUT"]
[SourceTitle "playchess.com"]
[Source "ChessBase"]
[SourceQuality "1"]
[TimeControl "40/5400+30:1800+30"]

1. e4 c5 2. Nf3 e6 3. b3 Nc6 4. Bb2 d6 5. d4 cxd4 6. Nxd4 Nf6 7. Nxc6 {[%emt 0:04:11] 7.Bd3 deserves study.} bxc6 8. e5 dxe5 {[%emt 0:07:49] Threatens to win with ...Qxd1+. B50: Sicilian: 2...d6, Miscellaneous.} 9. Qxd8+ Kxd8 10. Bxe5 Bc5 {[%emt 0:06:08][%cal Oc5f2] The position is equal.} 11. Be2 Ne8 {[%emt 0:05:55] [#]} (11... Nd5 $1 $11) 12. Nd2 $146 ({Predecessor:} 12. Nc3 f6 13. O-O-O+ Ke7 14. Ne4 Bb4 15. Bd4 e5 16. Bc5+ Bxc5 17. Nxc5 Bf5 18. f4 {1-0 (39) Rajkovic,M (2361)-Fominyh,A (2406) Djenovici 2018}) 12... f6 {[%emt 0:04:10] [#]} 13. Bb2 ({White should try} 13. O-O-O $1 $16) 13... Kc7 14. O-O Nd6 15. a3 a5 {[%emt 0:09:41] Inhibits b4.} 16. c4 Nf5 17. Nf3 e5 18. Rfd1 Re8 19. Kf1 Nd6 ({Better is} 19... Be6 $17) 20. Bc3 $11 Ne4 21. Be1 Be6 22. b4 axb4 23. axb4 Be7 24. c5 Bb3 25. Rdc1 Bd5 26. h4 f5 27. Rxa8 Rxa8 28. Nxe5 Bxh4 29. Nc4 Ra2 30. Nb6 Nd2+ (30... Bb3 $5 31. g3 Bg5 $15) 31. Bxd2 Rxd2 32. Nxd5+ Rxd5 {[%emt 0:00:01][%mdl 4096] Endgame KRB-KRB} 33. Ra1 Rd4 34. Ra7+ Kb8 35. Rxg7 Rxb4 {[%emt 0:00:09] And now ...Rb1+ would win.} 36. g3 Bf6 37. Rf7 Rb1+ 38. Kg2 Bd4 39. Rxf5 h6 40. f4 Rc1 41. Rf8+ Kc7 42. Rf7+ Kd8 43. Rh7 Rg1+ 44. Kf3 {[%emt 0:00:42] White is more active.} Rh1 45. g4 {[%emt 0:07:22] g5 is the strong threat.} Rh3+ 46. Ke4 (46. Kg2 $5 Re3 47. Ba6 $16) 46... Bxc5 47. Bf3 {[%emt 0:00:54] Strongly threatening g5.} Bd6 48. g5 {[%emt 0:06:12] Hoping for g6.} (48. Ra7 $5 ) 48... Rh4 49. g6 Rxf4+ 50. Ke3 Rf8 51. Bxc6 Be5 52. Ke4 Bc3 53. Rd7+ Kc8 54. Rd3 Bb2 55. Rb3 Ba1 56. Ra3 Rf1 57. Kd5 Kd8 58. Ra8+ Kc7 59. Ra7+ Kd8 60. g7 Bxg7 61. Rxg7 $2 {[%emt 0:00:23][%mdl 8192] KRB-KR} (61. Rd7+ $11 Ke8 62. Rxg7+ Kf8 63. Rg6) 61... Rd1+ 62. Ke6 $2 (62. Kc4 $11) 62... Ra1 $2 {[%emt 0:00:32][%mdl 8192] [#]} (62... Rf1 $11) 63. Kd6 $1 {[%emt 0:00:45][%cal Rg7g8] White mates.} Rd1+ 64. Bd5 Re1 65. Rg8+ Re8 66. Rg3 Kc8 67. Rc3+ Kb8 68. Ra3 Rd8+ 69. Kc6 h5 70. Rb3+ Ka7 71. Kc7 {[%emt 0:00:09] Weighted Error Value: White=0.11 (very precise) /Black=0.10 (very precise)} 1-0

[Event "26th Womens ECCC 2022"]
[Site "Mayrhofen"]
[Date "2022.10.03"]
[Round "1.8"]
[White "Zarkovic, Mila"]
[Black "Rapport, Jovana"]
[Result "0-1"]
[ECO "C15"]
[WhiteElo "2219"]
[BlackElo "2295"]
[Annotator "NA RC"]
[PlyCount "67"]
[EventDate "2022.10.03"]
[EventType "team-tourn"]
[EventCountry "AUT"]
[SourceTitle "playchess.com"]
[Source "ChessBase"]
[SourceQuality "1"]
[TimeControl "40/5400+30:1800+30"]

1. e4 e6 2. d4 d5 3. Nc3 Bb4 4. exd5 exd5 5. Bd3 c6 6. Nge2 Ne7 7. Bg5 f6 8. Bf4 Bf5 9. O-O O-O 10. Ng3 Bxd3 11. Qxd3 Na6 12. Nce2 Bd6 13. c3 Nc7 14. Rae1 Ne6 15. Bxd6 Qxd6 16. Nf5 Nxf5 17. Qxf5 Rae8 18. Ng3 g6 19. Qf3 f5 20. Re5 Ng5 21. Qe2 Rxe5 22. dxe5 Qc5 23. h4 Ne6 24. Kh1 Qe7 25. Rd1 Qxh4+ 26. Kg1 f4 27. Nf1 f3 28. Qe3 fxg2 29. Ng3 Qh3 30. Qxa7 Nf4 31. Qe3 Nh5 32. Qh6 Rf3 33. e6 Rxg3 34. fxg3 0-1

[Event "26th Womens ECCC 2022"]
[Site "Mayrhofen"]
[Date "2022.10.03"]
[Round "1.9"]
[White "Krasteva, Beloslava"]
[Black "Danielian, Elina"]
[Result "1/2-1/2"]
[ECO "A41"]
[WhiteElo "2287"]
[BlackElo "2431"]
[Annotator "TA"]
[PlyCount "57"]
[EventDate "2022.10.03"]
[EventType "team-tourn"]
[EventCountry "AUT"]
[SourceTitle "playchess.com"]
[Source "ChessBase"]
[SourceQuality "1"]
[TimeControl "40/5400+30:1800+30"]

1. d4 d6 2. e4 g6 3. Bd3 Bg7 4. Nf3 Nd7 5. O-O e6 6. Re1 {[%emt 0:02:27] B06: Modern Defence.} Ne7 7. c3 a6 8. a4 {[%emt 0:01:40] White is more active.} b6 9. Na3 Bb7 10. Nc4 O-O {[%emt 0:00:47] [#]} 11. b4 $146 ({Predecessor:} 11. Qe2 h6 12. Bd2 Nf6 13. h3 Qd7 14. e5 Nfd5 15. Nh2 h5 16. Nf3 Bc6 17. Bg5 {½-½ (71) Potkin,V (2682)-Vitiugov,N (2733) Khanty-Mansiysk 2011}) 11... Nf6 12. Qe2 (12. e5 $14 dxe5 13. Ncxe5) 12... Nxe4 13. Bxe4 Bxe4 {[%emt 0:00:55][%mdl 64] [#] Remove Defender} 14. Qxe4 {[%emt 0:00:48] Hoping for Qd3.} d5 15. Qe2 {[%emt 0:03:42] Threatens to win with Nce5.} dxc4 16. Qxc4 Nd5 17. Bd2 Qd6 18. b5 axb5 19. axb5 Ra3 20. Rxa3 Qxa3 21. Qc6 Qd6 (21... Qa8 $5 ) 22. c4 Ne7 23. Qe4 Nf5 24. Bf4 (24. c5 {feels hotter.} bxc5 25. dxc5 Qxc5 26. Bb4) 24... Qb4 25. Rc1 Qb2 26. Rb1 Qa2 27. Rc1 Qb2 28. Rb1 Qa2 29. Rc1 {[%emt 0:03:30] Weighted Error Value: White=0.10 (very precise) /Black=0.07 (flawless)} 1/2-1/2

[Event "26th Womens ECCC 2022"]
[Site "Mayrhofen"]
[Date "2022.10.03"]
[Round "1.10"]
[White "Ushenina, Anna"]
[Black "Radeva, Viktoria"]
[Result "1-0"]
[ECO "A06"]
[WhiteElo "2445"]
[BlackElo "2263"]
[Annotator "TA"]
[PlyCount "75"]
[EventDate "2022.10.03"]
[EventType "team-tourn"]
[EventCountry "AUT"]
[SourceTitle "playchess.com"]
[Source "ChessBase"]
[SourceQuality "1"]
[TimeControl "40/5400+30:1800+30"]

1. Nf3 d5 2. g3 Bg4 3. Bg2 c6 4. c4 e6 5. cxd5 exd5 6. O-O Nd7 7. d3 Ngf6 8. h3 Bxf3 9. Bxf3 Bc5 10. Bg2 O-O {[%emt 0:01:17] A11: English Opening: 1...c6.} 11. e3 Re8 12. Nd2 {[%emt 0:00:35][%cal Bb1d2,Bd2f3,Bf3d4][%mdl 32] [#]} Qc7 $146 {[%emt 0:05:26] The position is equal.} ({Predecessor:} 12... a5 13. Nf3 Qe7 14. Qc2 a4 15. a3 Bb6 16. Bd2 Ba5 17. Bc3 Qc5 18. Rfc1 Qd6 {½-½ (67) Roiz,M (2644)-Pavasovic,D (2597) Heraklion 2007}) 13. Nf3 Bd6 14. b3 a5 15. Bb2 Ne5 16. Nd4 Bf8 17. Qc2 a4 18. f4 (18. Bc3 $14) 18... Ned7 $11 19. e4 Qb6 {[%emt 0:06:26] [#] Strongly threatening ...Bc5.} 20. Kh2 ({Not} 20. bxa4 $2 Bc5 21. e5 Nh5 $19) 20... dxe4 21. dxe4 Nc5 22. Rfe1 Rad8 23. Bc3 Na6 24. Nf5 Qc5 {[%emt 0:03:47] Hoping for ...Nb4.} 25. Rac1 $36 {[%emt 0:01:42][%mdl 2048] White has the initiative.} Nb4 26. Qe2 Qb5 (26... Nd3 $2 {[#]} 27. Nh6+ $1 gxh6 28. Bxf6 $18) 27. bxa4 Qxe2 28. Rxe2 Ra8 29. Rb1 Rxa4 30. a3 Nd3 31. Rxb7 Nc5 32. Rc7 {[%emt 0:00:24] White is more active.} (32. Rb1 $14) 32... Ncxe4 (32... Nd5 $1 $11 33. exd5 Rxe2) 33. Bxf6 $14 gxf6 {[%emt 0:00:28] Black cannot hold the game after this.} ({Better is} 33... Nxf6 $14 34. Rxe8 Nxe8) 34. Rxc6 Nd6 $2 (34... Re6) 35. Rxe8 $18 {[%emt 0:00:12] White is clearly winning.} Nxe8 36. Rc8 Ra5 37. g4 ({Weaker is} 37. Rxe8 Rxf5 38. a4 Kg7 $16) 37... Rxa3 38. Rxe8 {[%emt 0:00:07] Weighted Error Value: White=0.09 (flawless) /Black=0.36} 1-0